 Dungeon Crawl Stone Soup version 0.29-a0-555-g3b24f45cc1 (webtiles) character file.

Game seed: 2611817562743078724

1236 lunkers the Purveyor of Pain (level 8, -1/41 HPs)
             Began as a Deep Elf Necromancer on June 7, 2022.
             Was an Initiate of Kikubaaqudgha.
             Succumbed to Dowan's poison
             ... on level 5 of the Dungeon.
             The game lasted 00:11:05 (6516 turns).

lunkers the Purveyor of Pain (Deep Elf Necromancer) Turns: 6516, Time: 00:11:05

Health: -1/41      AC:  7    Str:  5    XL:     8   Next: 24%
Magic:  8/22       EV: 11    Int: 23    God:    Kikubaaqudgha [......]
Gold:   185        SH:  0    Dex: 15    Spells: 15/23 levels left

rFire   . . .      SeeInvis .   a - +4 dagger (elec)
rCold   . . .      Faith    .   (no shield)
rNeg    . . .      Spirit   .   i - +3 leather armour of Ysicvig {Fly rCorr}
rPois   .          Reflect  .   (no helmet)
rElec   .          Harm     .   (no cloak)
rCorr   +          Rampage  .   d - +0 pair of gloves of Reasonable Brilliance {Will+}
Will    +....                   (no boots)
Stlth   ++........              (no amulet)
HPRegen 0.13/turn               (no ring)
MPRegen 0.18/turn               (no ring)

@: lethally poisoned (-1 -> -16), flying
A: no striking features
a: Renounce Religion


You were on level 5 of the Dungeon.
You worshipped Kikubaaqudgha.
Kikubaaqudgha was noncommittal.
You visited 2 branches of the dungeon, and saw 7 of its levels.

You collected 185 gold pieces.

Inventory:

Hand Weapons
 a - a +4 dagger of electrocution (weapon)
 b - a +1 dagger of venom
Armour
 d - the +0 pair of gloves of Reasonable Brilliance (worn) {Will+}
   (You acquired it in the Ecumenical Temple)

   Will:      It increases your willpower.
 i - the +3 leather armour of Ysicvig (worn) {Fly rCorr}
   (You found it on level 2 of the Dungeon)

   Fly:       It grants you flight.
   rCorr:     It protects you from acid and corrosion.
 m - a +2 kite shield
Jewellery
 f - a ring of fire
Wands
 g - a wand of digging (7)
 o - a wand of paralysis (9)
Scrolls
 k - a scroll of blinking
 n - a scroll of identify
 p - a scroll of noise {unknown}
Potions
 c - 2 potions of flight {unknown}
 e - a potion of magic
 h - 4 potions of curing
 j - a potion of heal wounds {unknown}
 l - a potion of degeneration {unknown}
 q - 2 potions of ambrosia {unknown}


   Skills:
 - Level 2.4 Dodging
 - Level 2.4 Stealth
 + Level 8.0 Spellcasting
 * Level 10.8 Necromancy


You had 15 spell levels left.
You knew the following spells:

 Your Spells              Type           Power      Damage    Failure   Level
a - Necrotize             Necr           100%       1d9       1%          1
b - Vampiric Draining     Necr           56%        2d10      1%          3
c - Animate Dead          Necr           56%        N/A       1%          4

Your spell library contained the following spells:

 Spells                   Type           Power      Damage    Failure   Level
 Agony                    Necr           56%        N/A       3%          5


Dungeon Overview and Level Annotations

Branches:
Dungeon (6/15)             Temple (1/1) D:4

Altars:
Dithmenos
Elyvilon
Fedhas
Gozag
Kikubaaqudgha
Makhleb
Nemelex Xobeh
Qazlal
Ru
Sif Muna
Trog
Uskayaw
Vehumet
Wu Jian
Yredelemnul
The Shining One

Shops:
D:5 [

Annotations:
D:5 3 runed translucent doors, Dowan; happo123's ghost, novice KoEn


Message History

You draw life force from Duvessa!
Duvessa hits you with a +0 short sword. x2
The orc closely misses you.
Unknown command.
Casting: Vampiric Draining (safe; 1% risk of failure)
Confirm with . or Enter, or press ? or * to list all spells.
Aiming: Vampiric Draining (safe; 1% risk of failure)
Press: ? - help, Shift-Dir - straight line, f/p - Duvessa
Aim: Duvessa, wielding a +0 short sword and wearing a +0 chain mail of poison resistance (almost dead, fast)
You draw life force from Duvessa.
You feel life coursing into your body. Duvessa hits you with a +0 short sword.
The orc closely misses you.
Unknown command.
Casting: Vampiric Draining (safe; 1% risk of failure)
Confirm with . or Enter, or press ? or * to list all spells.
Aiming: Vampiric Draining (safe; 1% risk of failure)
Press: ? - help, Shift-Dir - straight line, f/p - Duvessa
Aim: Duvessa, wielding a +0 short sword and wearing a +0 chain mail of poison resistance (almost dead, fast)
You draw life force from Duvessa!
You kill Duvessa!
Kikubaaqudgha accepts your kill.
Dowan screams, "No!
Oh no!"
Dowan seems to find hidden reserves of power!
You feel life coursing into your body. Dowan hits you but does no damage.
You are poisoned.
The orc hits you with a +0 dagger.
Your Spellcasting skill increases to level 8!
Unknown command.
Unknown command.
You feel sick.
Dowan points at you and mumbles some strange words.
The shard of ice hits you!
* * * LOW HITPOINT WARNING * * *
The orc hits you with a +0 dagger.
* * * LOW HITPOINT WARNING * * *
Dowan hits you with a +3 dagger of venom.
* * * LOW HITPOINT WARNING * * *
You are more poisoned.
You fly upwards.
Level annotation: 3 runed translucent doors, happo123's ghost, novice KoEn You die...
Kikubaaqudgha rasps: "You have failed me!
Welcome... death!"

#...>..# ##........#
#####.## ##.#####.# #.#
#.# ##. #.# #.# ## #.#
##+## #.# ##...## ##.##
##.....## #...##
##.......##
#..o@####.........###
#...e...+.........'..
#####....####.........###
#.........# ##.......##
#.###.###.# ##.....##
#.##......######...##
#.##.###..#.........#
#.##.# #..#.#####.#.#
#.##.###..#.# #.#.#


You could see Dowan (fast) and an orc.

Vanquished Creatures
  Duvessa (D:6)
  An ice beast (D:5)
  2 ogres (D:5)
  2 phantoms
  3 scorpions (D:5)
  2 jellies
  2 hounds (D:4)
  2 orc priests (D:3)
  A gnoll shaman (D:4)
  3 iguanas (D:5)
  6 gnolls
  7 adders
  A shadow imp (D:5)
  A white imp (D:6)
  4 worms
  3 dart slugs
  11 orcs
  6 bats
  4 endoplasms
  4 giant cockroaches
  6 hobgoblins
  2 jackals (D:1)
  6 kobolds
  6 quokkas
  5 ball pythons
  2 frilled lizards
  3 goblins
  4 rats
100 creatures vanquished.

Vanquished Creatures (collateral kills)
  2 gnolls (D:4)
  A jackal (D:1)
  A bat (D:2)
4 creatures vanquished.

Grand Total: 104 creatures vanquished

Notes
Turn   | Place    | Note
-------+----------+-------------------------------------------
     0 | D:1      | lunkers the Deep Elf Necromancer began the quest for the
                  | Orb.
     0 | D:1      | Reached XP level 1. HP: 10/10 MP: 6/6
    40 | D:1      | Reached skill level 5 in Necromancy
   260 | D:1      | Reached XP level 2. HP: 15/15 MP: 6/8
   740 | D:1      | Found a faded altar of an unknown god.
  1058 | D:2      | Reached XP level 3. HP: 19/19 MP: 6/10
  1508 | D:2      | Reached skill level 6 in Necromancy
  1508 | D:2      | Found an opulent altar of Gozag.
  1543 | D:2      | Identified the +3 leather armour of Ysicvig {Fly rCorr}
  1887 | D:2      | Reached XP level 4. HP: 24/24 MP: 9/12
  1896 | D:2      | Learned a level 3 spell: Vampiric Draining
  1901 | D:2      | Learned a level 4 spell: Animate Dead
  2442 | D:3      | Found a blossoming altar of Fedhas.
  2598 | D:3      | Reached skill level 7 in Necromancy
  2598 | D:3      | Reached XP level 5. HP: 9/28 MP: 5/14
  3154 | D:3      | Reached skill level 5 in Spellcasting
  3745 | D:4      | Found a staircase to the Ecumenical Temple.
  3912 | D:4      | Reached XP level 6. HP: 32/32 MP: 10/16
  3927 | D:4      | Reached skill level 8 in Necromancy
  4004 | Temple   | Entered the Ecumenical Temple
  4236 | Temple   | Identified a scroll of acquirement
  4236 | Temple   | Acquired the +0 pair of gloves of Reasonable Brilliance
                  | {Will+}
  4305 | Temple   | Became a worshipper of Kikubaaqudgha
  5007 | D:5      | Entered Level 5 of the Dungeon
  5060 | D:5      | Reached skill level 9 in Necromancy
  5060 | D:5      | Reached XP level 7. HP: 34/36 MP: 18/18
  5280 | D:5      | Found a runed translucent gate.
  5280 | D:5      | Found a runed translucent gate.
  5281 | D:5      | Found a runed translucent gate.
  5283 | D:5      | Noticed happo123's ghost (novice KoEn)
  5761 | D:5      | Reached skill level 10 in Necromancy
  5974 | D:5      | Found a white marble altar of Elyvilon.
  5975 | D:5      | Found a sacrificial altar of Ru.
  6100 | D:5      | Found Kieselos's Antique Armour Shop.
  6103 | D:5      | Reached XP level 8. HP: 41/41 MP: 18/21
  6502 | D:6      | Noticed Dowan
  6503 | D:6      | Noticed Duvessa
  6514 | D:6      | Killed Duvessa
  6516 | D:5      | Succumbed to Dowan's poison

Illustrated notes

Levels and vault maps discovered:
D:1:      dpeg_arrival_subterranean_lakeside_camping, layout_basic,
          hellmonk_ecumenical_altar_zigzags, minivault_24,
          chequers_serial_rivers_large_a
D:2:      layout_loops_ring, basic_altar
D:3:      layout_loops_corners, overflow_temple_1_default
D:4:      layout_loops_ring, minmay_temple_entry_gardened_gates,
          lightli_corner_chamber
D:5:      layout_loops_corners, gammafunk_temple_overflow_statue,
          gammafunk_ghost_necromancy, serial_shops, shop
D:6:      layout_cave_pools, nicolae_ashenzari_skybound,
          mainiacjoe_overflow_alcove_2, xom_teletrap_fun, serial_shops, shop,
          uniq_duvessa
Temple:   cyrus_circular_temple

Skill      XL: |  1  2  3  4  5  6  7  8 |
---------------+-------------------------+-----
Necromancy     | 5 6 7 9 10 | 10.8
Spellcasting   | 4 5 6 7 8 |  8.0
Dodging        | |  2.4
Stealth        | |  2.4

Action                   |  1- 3 |  4- 6 |  7- 9 || total
-------------------------+-------+-------+-------++-------
Melee: Unarmed           |     1 |       |       ||     1
       Dagger            |     2 |    53 |    23 ||    78
       Punch             |       |     1 |       ||     1
 Cast: Necrotize         |    57 |   101 |    33 ||   191
       Vampiric Draining |       |     8 |     7 ||    15
  Use: Scroll            |       |     8 |       ||     8
Armor: Robe              |     1 |       |       ||     1
       Leather armour    |       |    26 |     4 ||    30
Dodge: Dodged            |     7 |    40 |    19 ||    66

Table legend: (Time is in decaauts)
 A = Elapsed time spent in this place.
 B = Non-inter-level travel time spent in this place.
 C = Inter-level travel time spent in this place.
 D = Time resting spent in this place.
 E = Time spent auto-exploring this place.
 F = Levels seen in this place.
 G = Mean time per level.
                   A        B        C        D        E       F      G
               +--------+--------+--------+--------+--------+-----+--------+
         Total |   6527 |   6313 |    214 |    144 |   5388 |   7 |  932.4 |
       Dungeon |   6218 |   6014 |    204 |    144 |   5169 |   6 | 1036.3 |
        Temple |    309 |    299 |     10 |      0 |    219 |   1 |  309.0 |
               +--------+--------+--------+--------+--------+-----+--------+

Top non-repeatable levels by time:
     D:5: 1433 daAuts
     D:3: 1418 daAuts
     D:2: 1139 daAuts
     D:4: 1096 daAuts
     D:1: 1055 daAuts
  Temple: 309 daAuts
     D:6: 74 daAuts
